AoeStats
← MaX

Arena

505481676Analyzed
2v2 RM · 22d ago on Sep 9, 2026· 57m 40s· 4 players
Game mode
Random Map
Map size
Medium (4 player)
Population
200
Speed
Normal
Resources
Standard
Victory
Conquest
Starting age
Dark Age
Ending age
Imperial Age
RankedLock teamsTeams togetherTeam positionsShared explorationLock speedFull tech treeHidden civsTurbo modeCheats
Victory
Defeat
🇩🇪 Bohemians · Germany
661
+9
🇩🇪 Cumans · Germany
605
+10
🇫🇷 Malay · France
503
-10
🇫🇷 Chinese · France
476
-9
Sayuri
0:36 Loom
12:33 Feudal Age
13:05 Horse Collar
14:02 Wheelbarrow
13:13 Town Watch
17:50 Scale Barding Armor
17:47 Scale Mail Armor
17:48 Padded Archer Armor
18:08 Double-Bit Axe
18:56 Fletching
19:17 Forging
21:56 Gold Mining
21:56 Stone Mining
27:00 Castle Age
27:09 Castle Age
28:33 Bow Saw
28:42 Leather Archer Armor
28:22 Bodkin Arrow
29:03 Iron Casting
28:50 Chain Barding Armor
28:33 Heavy Plow
28:49 Arson
29:33 Squires
30:25 Chain Mail Armor
30:08 Pikeman
30:09 Man-at-Arms
33:28 Great Wall
33:56 Elite Skirmisher
33:57 Crossbowman
36:10 Thumb Ring
36:56 Hand Cart
36:42 Town Patrol
40:34 Imperial Age
39:06 Caravan
42:15 Elite Chu Ko Nu
42:26 Sappers
43:17 Conscription
44:00 Ring Archer Armor
44:01 Plate Mail Armor
44:34 Blast Furnace
44:48 Coinage
45:08 Elite Fire Lancer
45:09 Long Swordsman
47:04 Banking
46:59 Bracer
46:52 Arbalester
53:13 Light Cavalry
53:13 Cavalier
53:54 Husbandry
54:04 Bloodlines
SmurfGrognon
8:23 Loom
11:01 Feudal Age
11:00 Double-Bit Axe
12:35 Wheelbarrow
16:31 Horse Collar
17:28 Forging
17:09 Fletching
17:20 Padded Archer Armor
17:26 Scale Barding Armor
17:14 Gold Mining
17:15 Stone Mining
19:34 Town Watch
22:28 Castle Age
22:34 Bow Saw
22:29 Heavy Plow
23:08 Gold Shaft Mining
23:08 Stone Shaft Mining
23:13 Iron Casting
25:03 Pikeman
25:44 Squires
28:27 Hand Cart
28:07 Town Watch
29:06 Bodkin Arrow
29:26 Leather Archer Armor
32:18 Husbandry
35:51 Imperial Age
35:02 Capped Ram
35:18 Elite Battle Elephant
36:30 Conscription
38:39 Crop Rotation
38:32 Masonry
38:19 Murder Holes
41:06 Onager
41:20 Halberdier
44:35 Elite Karambit Warrior
47:18 Chemistry
45:59 Treadmill Crane
46:11 Heated Shot
48:22 Forced Levy
52:18 Blast Furnace
51:19 Bracer
51:49 Ring Archer Armor
Flowrider
10:51 Feudal Age
12:19 Double-Bit Axe
12:18 Horse Collar
18:33 Castle Age
20:10 Husbandry
22:27 Bow Saw
23:34 Heavy Plow
30:52 Forging
30:42 Scale Mail Armor
30:47 Scale Barding Armor
30:32 Fletching
30:43 Padded Archer Armor
33:49 Iron Casting
33:30 Chain Mail Armor
33:35 Chain Barding Armor
34:21 Bodkin Arrow
34:59 Elite Skirmisher
38:12 Chemistry
38:41 Wheelbarrow
40:39 Imperial Age
41:13 Imperial Age
42:00 Houfnice
43:43 Hand Cart
44:26 Squires
43:46 Pikeman
45:14 Ballistics
45:11 Elite Hussite Wagon
46:01 Wagenburg Tactics
51:55 Halberdier
MaX
11:29 Feudal Age
13:18 Double-Bit Axe
16:15 Horse Collar
16:31 Gold Mining
16:33 Stone Mining
21:12 Castle Age
21:10 Wheelbarrow
20:21 Loom
22:40 Bow Saw
22:38 Heavy Plow
23:31 Caravan
24:21 Scale Barding Armor
23:45 Man-at-Arms
24:31 Long Swordsman
27:14 Hand Cart
30:26 Gold Shaft Mining
31:16 Chain Barding Armor
30:57 Scale Mail Armor
31:07 Forging
35:23 Imperial Age
35:46 Steppe Husbandry
37:03 Two-Handed Swordsman
37:07 Cavalier
37:07 Elite Steppe Lancer
37:42 Elite Steppe Lancer
38:36 Champion
39:03 Elite Kipchak
39:52 Cuman Mercenaries
40:26 Paladin
41:05 Pikeman
41:46 Squires
43:37 Halberdier
44:25 Cuman Mercenaries
47:03 Plate Barding Armor
46:44 Chain Mail Armor
47:04 Iron Casting
46:31 Padded Archer Armor
46:21 Fletching
48:17 Ballistics
47:47 Heated Shot
48:08 Masonry
48:59 Chemistry
55:39 Onager
Connection lost

Rejoining the realm…

Still unreachable

The connection could not be restored.

Session expired

The server has moved on; the page needs a fresh start.